Map: Recife Abissal LE

Players

efelinto

  • Race: Protoss Protoss
  • Spawn Location: 11:00

Arathan - Winner!

  • Race: Zerg Zerg
  • League: Diamond
  • Spawn Location: 5:00

VOD

Have the link to the VOD?

Description

Time

  • Played on: April 8, 2017, 7:59 p.m.
  • Length: 9:05
Show
View Real Time Build Order
Export as new Build Order

efelinto Protoss 

Build Orders: 1 Gate Expand 

Get SALT Encoding   

  12  0:02  Probe (Chrono Boost)  
  13  0:12  Probe (Chrono Boost)  
  14  0:18  Pylon  
  14  0:23  Probe (Chrono Boost)  
  15  0:36  Probe (Chrono Boost)  
  15  0:42  Gateway  
  16  0:46  Probe (Chrono Boost)  
  17  1:15  Nexus  
  18  1:18  Probe (Chrono Boost)  
  18  1:29  Probe (Chrono Boost)  
  19  1:39  Probe (Chrono Boost), Cybernetics Core  
  20  1:41  Assimilator  
  20  1:51  Probe (Chrono Boost)  
  21  2:05  Assimilator  
  21  2:14  Pylon  
  21  2:21  Warp Gate  
  21  2:28  Probe x2 (Chrono Boost)  
  23  2:39  Probe x2 (Chrono Boost)  
  24  2:49  Probe (Chrono Boost)  
  25  2:54  Stargate  
  25  2:56  Probe (Chrono Boost)  
  26  3:00  Probe (Chrono Boost)  
  26  3:01  Gateway x2  
  27  3:05  Gateway  
  26  3:21  Mothership Core (Chrono Boost)  
  28  3:58  Pylon  
  28  4:00  Probe x2 (Chrono Boost)  
  30  4:10  Probe (Chrono Boost), Pylon  
  30  4:11  Probe (Chrono Boost)  
  30  4:16  Phoenix  
  34  4:21  Probe x2 (Chrono Boost)  
  36  4:30  Stalker  
  38  4:47  Pylon  
  38  4:49  Probe x2 (Chrono Boost)  
  38  4:51  Phoenix  
  42  4:56  Assimilator  
  42  4:57  Sentry  
  42  4:59  Zealot  
  48  5:00  Probe x2 (Chrono Boost), Zealot x2  
  48  5:05  Assimilator  
  52  5:10  Probe x2 (Chrono Boost)  
  54  5:21  Probe (Chrono Boost)  
  55  5:30  Zealot x4  
  63  5:51  Stalker x2  
  63  5:52  Stalker  
  63  5:56  Pylon  
  69  5:58  Pylon  
  69  6:14  Probe (Chrono Boost)  
  69  6:15  Probe (Chrono Boost)  
  69  6:16  Robotics Facility  
  70  6:24  Probe (Chrono Boost)  
  70  6:25  Probe (Chrono Boost), Stalker x3  
  76  6:26  Stalker  
  80  6:35  Probe (Chrono Boost)  
  80  6:36  Probe (Chrono Boost)  
  82  6:52  Nexus  
  82  7:03  Zealot x2  
  84  7:15  Pylon  
  84  7:20  Pylon  
  84  7:21  Pylon  
  84  7:23  Pylon  
  84  7:25  Pylon  
  84  7:37  Immortal  
  84  7:38  Robotics Bay  
  84  7:41  Phoenix  
  90  7:46  Probe x2 (Chrono Boost)  
  90  7:48  Zealot  
  94  7:51  Sentry  
  94  7:52  Sentry  
  94  7:57  Probe (Chrono Boost)  
  97  8:14  Observer  
  97  8:18  Sentry x2  
  102  8:28  Stalker  
  102  8:29  Stalker  
  67  8:56  Zealot  
  67  8:57  Zealot x3  
Show
View Real Time Build Order
Export as new Build Order

Arathan Zerg - Winner!

Build Orders: Hatch First, Lurkers 

Get SALT Encoding   

  12  0:01  Drone  
  13  0:09  Drone  
  14  0:17  Overlord  
  14  0:23  Extractor  
  14  0:24  Drone  
  15  0:36  Drone  
  16  0:49  Hatchery  
  15  0:52  Drone  
  16  1:06  Spawning Pool  
  16  1:10  Drone  
  16  1:14  Drone  
  16  1:17  Drone  
  18  1:23  Extractor  
  18  1:24  Drone  
  18  1:36  Drone  
  19  1:48  Drone  
  19  1:53  Queen  
  22  2:02  Queen  
  22  2:03  Zergling x2  
  22  2:04  Drone  
  22  2:05  Drone  
  27  2:15  Overlord  
  27  2:16  Zergling x2  
  28  2:34  Drone x2  
  28  2:35  Drone  
  31  2:41  Hatchery  
  31  2:44  Drone  
  31  2:52  Drone  
  31  2:53  Zergling x2  
  31  2:55  Overlord  
  33  3:00  Drone  
  36  3:13  Zergling x2  
  37  3:21  Drone x2  
  37  3:23  Drone, Overlord  
  37  3:24  Drone x2  
  42  3:31  Lair  
  42  3:33  Overlord  
  41  3:34  Zergling x2  
  41  3:35  Drone  
  42  3:42  Drone x2  
  42  3:46  Zergling x2  
  44  3:50  Metabolic Boost  
  44  3:55  Zergling x2  
  44  3:56  Zergling x2  
  44  3:59  Drone  
  44  4:01  Queen, Spore Crawler  
  48  4:03  Drone  
  48  4:05  Drone  
  48  4:08  Drone, Overlord  
  51  4:14  Extractor  
  51  4:15  Drone x2, Extractor  
  51  4:17  Extractor  
  51  4:19  Drone  
  51  4:20  Drone  
  52  4:28  Overlord, Zergling x2  
  53  4:33  Zergling x2  
  53  4:34  Drone  
  53  4:38  Pneumatized Carapace  
  55  4:45  Drone  
  56  4:47  Drone x3  
  56  4:50  Hydralisk Den  
  56  4:52  Drone  
  59  4:59  Drone x2  
  61  5:02  Drone x5  
  66  5:10  Drone x4  
  70  5:18  Drone x3, Overlord  
  73  5:25  Lurker Den  
  73  5:28  Roach Warren  
  73  5:30  Overlord  
  73  5:31  Overseer, Evolution Chamber  
  73  5:33  Overseer  
  71  5:46  Drone x9  
  80  5:53  Overlord  
  80  5:55  Overlord  
  80  5:56  Extractor  
  79  5:57  Drone  
  79  5:59  Evolution Chamber  
  79  6:00  Hydralisk  
  79  6:01  Hydralisk x2  
  85  6:05  Drone  
  85  6:08  Overlord  
  85  6:09  Zergling x2  
  85  6:10  Zerg Missile Weapons Level 1  
  87  6:11  Overlord  
  86  6:19  Overlord  
  86  6:20  Hydralisk  
  86  6:23  Drone  
  89  6:26  Hatchery  
  89  6:28  Zerg Ground Armor Level 1  
  89  6:31  Extractor  
  87  6:33  Overlord  
  87  6:34  Hydralisk  
  87  6:35  Roach  
  91  6:49  Zergling x2  
  86  7:02  Overlord  
  86  7:03  Roach x2, Hydralisk x2  
  86  7:04  Hydralisk  
  86  7:07  Lurker  
  86  7:08  Lurker x4  
  99  7:10  Hydralisk  
  99  7:12  Roach  
  99  7:13  Roach x3  
  99  7:14  Roach, Zergling x4  
  99  7:15  Drone x2  
  114  7:21  Hydralisk x2, Spore Crawler  
  117  7:25  Hydralisk  
  117  7:26  Hydralisk x3  
  125  7:32  Zergling x2  
  125  7:34  Infestation Pit  
  125  7:47  Overseer  
  125  8:01  Overlord, Zergling x2  
  126  8:10  Overlord, Hydralisk  
  126  8:11  Zergling x2, Hydralisk  
  126  8:12  Drone  
  132  8:19  Overlord  
  132  8:20  Drone  
  132  8:27  Roach, Hydralisk  
  131  8:28  Overlord  
  131  8:29  Overlord, Hydralisk  
  131  8:30  Roach, Hydralisk, Overlord  
  140  8:47  Drone  
Tags
 
Add a new tag
Caveats
  • Supply blocks, unpowered buildings, or Contaminate may cause inaccurate times.
  • Supply counts are checked every 10 seconds.